 Dungeon Crawl Stone Soup version 0.28-a0-1616-g050a50673c (webtiles) character file.

Game seed: 17593855763003358070

368 anonymouscript the Chiller (level 6, -1/46 HPs)
             Began as a Ghoul Ice Elementalist on Jan 17, 2022.
             Was a Believer of Makhleb.
             Slain by Sigmund (17 damage)
             ... on level 5 of the Dungeon on Jan 22, 2022.
             The game lasted 00:21:26 (3741 turns).

anonymouscript the Chiller (Ghoul Ice Elementalist) Turns: 3741, Time: 00:21:27

Health: -1/46      AC:  5    Str: 11 (12) XL:     6   Next: 69%
Magic:  10/10      EV: 12    Int: 11 (12) God:    Makhleb [**....]
Gold:   209        SH:  0    Dex: 12 (14) Spells: 8/12 levels left

rFire   . . .      SeeInvis .   y - +2 quarterstaff (chaos)
rCold   + . .      Faith    .   (shield currently unavailable)
rNeg    + + +      Spirit   .   a - +0 robe
rPois   ∞          Reflect  .   j - +1 helmet "Ycruskia" {Dex+5 Slay-3}
rElec   .          Harm     .   (no cloak)
rCorr   .          Rampage  .   (no gloves)
Will    .....                   b - +0 pair of boots
Stlth   ++........              (no amulet)
HPRegen 0.00/turn               (no ring)
MPRegen 0.12/turn               (no ring)

@: inhibited regen
A: claws 1, cold resistance 1, negative energy resistance 3, inhibited
regeneration, torment resistance 2
a: Renounce Religion, Minor Destruction


You were on level 5 of the Dungeon.
You worshipped Makhleb.
Makhleb was pleased with you.
You visited 1 branch of the dungeon, and saw 5 of its levels.

You collected 209 gold pieces.

Inventory:

Hand Weapons
 g - a +0 hunting sling
 y - a +2 quarterstaff of chaos (weapon)
Missiles
 i - 157 stones (quivered)
Armour
 a - a +0 robe (worn)
 b - a +0 pair of boots (worn)
 j - the +1 helmet "Ycruskia" (worn) {Dex+5 Slay-3}
   (You found it on level 2 of the Dungeon)

   Dex:       It affects your dexterity (+5).
   Slay:      It affects your accuracy & damage with ranged weapons and melee
   (-3).
 t - the +8 chain mail "Pereulem" {Int+3}
   (You found it on level 3 of the Dungeon)

   Int:       It affects your intelligence (+3).
Wands
 x - a wand of polymorph (5)
Scrolls
 d - a scroll of summoning {unknown}
 e - 2 scrolls of noise {unknown}
 f - 2 scrolls of torment {unknown}
 k - 3 scrolls of teleportation {unknown}
 l - a scroll of identify {unknown}
 o - a scroll of fog {unknown}
 r - a scroll of brand weapon {unknown}
 u - a scroll of enchant armour {unknown}
 v - a scroll of immolation {unknown}
 w - a scroll of fear {unknown}
Potions
 c - a potion of lignification {unknown}
 h - a potion of resistance {unknown}
 m - a potion of ambrosia {unknown}
 n - a potion of flight {unknown}
 p - 2 potions of curing {unknown}
 q - a potion of mutation
 s - 2 potions of heal wounds {unknown}


   Skills:
 + Level 0.5 Fighting
 + Level 0.4 Throwing
 * Level 0.5 Armour
 + Level 2.2 Dodging
 + Level 2.7 Stealth
 + Level 1.5 Unarmed Combat
 + Level 3.9 Spellcasting
 + Level 6.1 Ice Magic


You had 8 spell levels left.
You knew the following spells:

 Your Spells              Type           Power      Damage    Failure   Level
a - Freeze                Ice            60%        1d8       1%          1
b - Frozen Ramparts       Ice            30%        1d5       6%          3

Your spell library contained the following spells:

 Spells                   Type           Power      Damage    Failure   Level
 Ozocubu's Armour         Ice            15%        N/A       6%          3
 Hailstorm                Conj/Ice       8%         3d4       56%         4


Dungeon Overview and Level Annotations

Branches:
Dungeon (5/15)
 Temple: D:4-7

Altars:
Makhleb

Annotations:
D:5 Sigmund


Innate Abilities, Weirdness & Mutations

You thrive by killing the living.
You are immune to poison.
You have sharp fingernails.
Your flesh is cold resistant. (rC+)
You are immune to negative energy. (rN+++)
You do not regenerate when monsters are visible.
You are immune to unholy pain and torment.


Message History

Sigmund seems to grow stronger.
You hit Sigmund. You burn Sigmund.
Sigmund is lightly wounded.
Sigmund casts a spell at you.
You are confused.
You're too confused to cast spells.
Sigmund hits you from afar with a +0 scythe.
Sigmund casts a spell.
Sigmund flickers and vanishes!
Deactivating autopickup; reactivate with Ctrl-A.
A puff of flame appears from out of thin air!
The puff of flame hits you!
You bump into the rock wall.
A magic dart appears from out of thin air!
The magic dart hits you.
You're too confused to move!
You feel less confused.
You are confused.
You bump into the rock wall.
You hear some strange, mumbled words.
Something tries to affect you, but you resist.
Something hits you.
You bump into the rock wall.
It was a potion of mutation.
You feel extremely strange.
Your body decomposes!
You feel dopey.
Your body decomposes!
You feel clumsy.
Your body decomposes!
You feel weakened.
Your body decomposes!
You feel clumsy.
You feel less confused. Something barely misses you.
A puff of flame appears from out of thin air!
The puff of flame misses you.
A puff of flame appears from out of thin air!
The puff of flame hits you! Something hits you!
You die...

#. #..
#.####
#.#.>
#.#.#######
#..........
#..<#######
#.........#
#....####@#
+.........#
###########


There were no monsters in sight!

Vanquished Creatures
  An ogre (D:3)
  A gnoll shaman (D:4)
  Crazy Yiuf (D:4)
  2 iguanas
  Natasha (twice) (D:2)
  A hound skeleton (D:4)
  3 gnolls (D:4)
  3 adders
  A worm (D:2)
  2 dart slugs
  An orc (D:3)
  7 ball pythons
  6 endoplasms
  2 giant cockroaches (D:1)
  5 goblins
  3 hobgoblins
  6 kobolds
  2 quokkas
  5 bats
  2 frilled lizards
  6 rats
62 creatures vanquished.

Vanquished Creatures (others)
  7 plants (D:2)
7 creatures vanquished.

Grand Total: 69 creatures vanquished

Notes
Turn   | Place    | Note
-------+----------+-------------------------------------------
     0 | D:1      | anonymouscript the Ghoul Ice Elementalist began the quest
                  | for the Orb.
     0 | D:1      | Reached XP level 1. HP: 14/14 MP: 2/2
   314 | D:1      | Found a faded altar of an unknown god.
   326 | D:1      | Prayed at the altar of an unknown god.
   326 | D:1      | Became a worshipper of Makhleb the Destroyer
   326 | D:1      | Reached * piety under Makhleb
   348 | D:1      | Reached XP level 2. HP: 18/20 MP: 0/3
   879 | D:2      | Noticed Natasha
   895 | D:2      | Identified the +1 helmet "Ycruskia" {Dex+5 Slay-3}
  1145 | D:2      | Reached skill level 5 in Ice Magic
  1219 | D:2      | Reached XP level 3. HP: 15/26 MP: 2/5
  1518 | D:2      | Killed Natasha
  1519 | D:2      | Reached skill level 1 in Unarmed Combat
  1593 | D:2      | Reached XP level 4. HP: 33/33 MP: 3/6
  1912 | D:2      | Noticed Natasha
  1931 | D:2      | Killed Natasha
  1932 | D:2      | Reached XP level 5. HP: 38/38 MP: 3/8
  2433 | D:4      | Noticed a two-headed ogre
  2481 | D:3      | Learned a level 3 spell: Frozen Ramparts
  2613 | D:3      | Noticed an ogre
  2622 | D:3      | Killed an ogre
  2623 | D:3      | Reached XP level 6. HP: 46/46 MP: 1/10
  2694 | D:3      | Upgraded the game from 0.28-a0-1518-gbe868bca14 to
                  | 0.28-a0-1616-g050a50673c
  2698 | D:3      | Identified the +8 chain mail "Pereulem" {Int+3}
  3151 | D:4      | Reached skill level 6 in Ice Magic
  3198 | D:4      | Reached ** piety under Makhleb
  3565 | D:4      | Found a runed translucent door.
  3566 | D:4      | Noticed Crazy Yiuf
  3573 | D:4      | Killed Crazy Yiuf
  3720 | D:5      | Entered Level 5 of the Dungeon
  3720 | D:5      | Noticed Sigmund
  3741 | D:5      | Slain by Sigmund

Illustrated notes

Levels and vault maps discovered:
D:1:      amcnicky_arrival_gap_in_the_tavern_cellar, layout_basic,
          dreamdust_ecumenical_altar_statues
D:2:      layout_basic, serial_bayou_lagoon_a, nrook_uturn, uniq_natasha
D:3:      layout_basic
D:4:      layout_rooms, uniq_crazy_yiuf_cottage
D:5:      layout_basic, eino_small_chamber_without_monster, uniq_edmund,
          uniq_sigmund

Skill      XL: |  1  2  3  4  5  6 |
---------------+-------------------+-----
Spellcasting   | 2 3 |  3.9
Ice Magic      | 5 6 |  6.1
Unarmed Combat | 1 |  1.5
Dodging        | 2 |  2.2
Fighting       | |  0.5
Throwing       | |  0.4
Armour         | |  0.5
Stealth        | |  2.7

Action                   |  1- 3 |  4- 6 || total
-------------------------+-------+-------++-------
Melee: Unarmed           |    56 |    45 ||   101
       Punch             |     2 |     1 ||     3
       Quarterstaff      |       |     2 ||     2
Throw: Stone             |     2 |     7 ||     9
 Cast: Freeze            |    36 |    61 ||    97
       Frozen Ramparts   |       |     4 ||     4
  Use: Potion            |       |     1 ||     1
 Stab: Sleeping          |     2 |     2 ||     4
Armor: Robe              |    20 |    22 ||    42
       Chain mail        |       |     5 ||     5
       Skin              |       |     2 ||     2
Dodge: Dodged            |    47 |    57 ||   104

Table legend: (Time is in decaauts)
 A = Elapsed time spent in this place.
 B = Non-inter-level travel time spent in this place.
 C = Inter-level travel time spent in this place.
 D = Time resting spent in this place.
 E = Time spent auto-exploring this place.
 F = Levels seen in this place.
 G = Mean time per level.
                   A        B        C        D        E       F      G
               +--------+--------+--------+--------+--------+-----+--------+
         Total |   3757 |   3702 |     55 |    644 |   2077 |   5 |  751.4 |
       Dungeon |   3757 |   3702 |     55 |    644 |   2077 |   5 |  751.4 |
               +--------+--------+--------+--------+--------+-----+--------+

Top non-repeatable levels by time:
     D:2: 1199 daAuts
     D:3: 922 daAuts
     D:1: 846 daAuts
     D:4: 767 daAuts
     D:5: 21 daAuts
